 Dungeon Crawl Stone Soup version 0.18.1-1-g2f07953 (webtiles) character file.

51 Steelers13 the Slasher (level 3, -1/30 HPs)
             Began as a Merfolk Berserker on June 2, 2016.
             Was a Follower of Trog.
             Slain by a goblin
             ... wielding a +0 dagger
             ... led by Robin
              (3 damage)
             ... on level 2 of the Dungeon.
             The game lasted 00:07:58 (1910 turns).

Steelers13 the Slasher (Merfolk Berserker)          Turns: 1910, Time: 00:07:59

Health: -1/30      AC:  5    Str: 18    XL:     3   Next: 83%
Magic:  3/3        EV: 12    Int:  6    God:    Trog [*.....]
Gold:   16         SH:  0    Dex: 13    Spells: 0 memorised, 2 levels left

rFire  . . .     SeeInvis .     a - +0 falchion
rCold  . . .     Gourm    .     f - +0 ring mail
rNeg   . . .     Faith    .     (no shield)
rPois  .         Spirit   .     (no helmet)
rElec  .         Dismiss  .     (no cloak)
rCorr  .         Reflect  .     (no gloves)
SustAt .         Harm     .     (no boots)
MR     .....                    (no amulet)
Stlth  +.........               (no ring)
                                (no ring)

@: exhausted, very slightly contaminated, slowed, very slow, not resistant to
hostile enchantments, very unstealthy
A: change form in water, swift swim
a: Berserk, Burn Spellbooks, Renounce Religion


You were on level 2 of the Dungeon.
You worshipped Trog.
Trog was aware of your devotion.
You were not hungry.

You visited 1 branch of the dungeon, and saw 2 of its levels.

You collected 16 gold pieces.

Inventory:

Hand Weapons
 a - a +0 falchion (weapon)
 k - a +0 short sword
Armour
 f - a +0 ring mail (worn)
Jewellery
 j - an uncursed amulet of the gourmand {unknown}
 l - a cursed ring of loudness {unknown}
Scrolls
 d - a scroll of remove curse {unknown}
 h - a scroll of blinking {unknown}
 i - a scroll of noise {unknown}
 n - a scroll of identify {unknown}
 o - a scroll of enchant weapon {unknown}
Potions
 e - a potion of mutation {unknown}
Comestibles
 c - a bread ration
 g - a beef jerky
 m - a slice of pizza
 p - a chunk of flesh


   Skills:
 + Level 3.7 Fighting
 + Level 3.8 Long Blades
 + Level 1.9 Armour
 + Level 3.6 Dodging


You had 2 spell levels left.
You didn't know any spells.

Dungeon Overview and Level Annotations

Branches:
Dungeon (2/15)

Altars:


Message History

You see here a short sword.
The goblin closely misses you. The goblin hits you.
* * * LOW HITPOINT WARNING * * *
You hit the goblin.
The goblin is moderately wounded.
The goblin closely misses you. The adder completely misses you.
You hit the adder.
The adder is heavily wounded.
The goblin barely misses you. The adder closely misses you.
The giant cockroach closely misses you. The goblin closely misses you. x2
The adder barely misses you.
The giant cockroach waves its antennae.
The giant cockroach bites you.
* * * LOW HITPOINT WARNING * * *
You barely miss the hobgoblin. The hobgoblin misses you.
The goblin hits you but does no damage. The adder closely misses you.
The goblin hits you but does no damage. The giant cockroach barely misses you.
The hobgoblin hits you but does no damage.
The goblin hits you with a dagger.
You die...

########### #.......<.#
#...%.....# #
#.........#
###..###.<...ggs.######
......(.))..lS@g.......
######.########..######
#. ##...# #. ##...# ##
##.# .# .


You could see an adder, a giant cockroach, a hobgoblin, 2 goblins and a giant
newt.

Vanquished Creatures
  Robin (D:2)
  An ooze (D:1)
  2 dart slugs (D:1)
  2 giant geckos (D:1)
  3 bats (D:1)
  7 goblins
  4 hobgoblins
  A jackal (D:1)
  2 giant newts (D:1)
  2 kobolds (D:1)
  4 rats
29 creatures vanquished.

Notes
Turn   | Place    | Note
--------------------------------------------------------------
     0 | D:1      | Steelers13 the Merfolk Berserker began the quest for the Orb.
     0 | D:1      | Reached XP level 1. HP: 18/18 MP: 1/1
   243 | D:1      | Reached XP level 2. HP: 23/24 MP: 2/2
   952 | D:1      | Reached XP level 3. HP: 28/30 MP: 3/3
  1875 | D:2      | Noticed Robin
  1882 | D:2      | Killed Robin
  1910 | D:2      | Slain by a goblin

Skill      XL: |  1  2  3 |
---------------+----------+-----
Dodging        | 3 |  3.6
Fighting       | |  3.7
Long Blades    | |  3.8
Armour         | |  1.9

Action                   || total
-------------------------++-------
Melee: Falchion          ||    94
Invok: Berserk           ||     1
  Use: Potion            ||     1
 Stab: Invisible         ||     1
  Eat: Bread ration      ||     1
       Chunk             ||     1
Armor: Ring mail         ||    72
Dodge: Dodged            ||   155
